 Dungeon Crawl Stone Soup version 0.13-a0-3133-gec0fa00 (webtiles) character file.

689 Misa the Skirmisher (level 7, -2/53 HPs)
             Began as a Human Chaos Knight on Sept 21, 2013.
             Was a Plaything of Xom.
             Slain by an iron imp (10 damage)
             ... summoned by Xom
             ... on Level 4 of the Dungeon.
             The game lasted 00:11:11 (3444 turns).

Misa the Skirmisher (Human Chaos Knight)            Turns: 3444, Time: 00:11:13

HP  -2/53        AC  6     Str 15      XL: 7   Next: 28%
MP   7/7         EV 11     Int 12      God: Xom
Gold 230         SH  0     Dex 16      Spells:  0 memorised,  6 levels left

Res.Fire  : + . .   See Invis. : .   i - +2,+1 dwarf mace (drain) (curse)
Res.Cold  : + . .   Warding    : .   b - +2 leather armour
Life Prot.: . . .   Conserve   : .   (no shield)
Res.Poison: +       Res.Corr.  : .   t - +1 cap
Res.Elec. : +       Clarity    : .   (no cloak)
Sust.Abil.: . .     Spirit.Shd : .   (no gloves)
Res.Mut.  : .       Stasis     : .   (no boots)
Res.Rott. : .       Flight     : .   (no amulet)
Saprovore : . . .                    (no ring)
                                     p - +4 ring of dexterity

@: mildly poisoned, slightly resistant to hostile enchantments, stealthy
A: no striking features
a: Renounce Religion


You were on level 4 of the Dungeon.
You worshipped Xom.
You were a special plaything of Xom.
You were full.

You visited 1 branch of the dungeon, and saw 4 of its levels.

You collected 210 gold pieces.

Inventory:

Hand weapons
 a - a +0,+0 spear of chaos {=f}
 i - a cursed +2,+1 dwarven mace of draining (weapon)
 C - a +2,+0 short sword of holy wrath
Missiles
 l - 23 stones
 n - 6 darts (quivered)
Armour
 b - a +2 leather armour (worn)
 t - a +1 cap (worn)
Comestibles
 c - 7 bread rations
 r - a slice of pizza
 u - 2 meat rations
Scrolls
 d - 2 scrolls of amnesia
 e - a scroll of fog
 h - a scroll of curse weapon
 o - 4 scrolls of identify
 s - 2 scrolls of remove curse
 v - 2 scrolls of enchant weapon I {unknown}
 x - a scroll of teleportation {unknown}
 y - a scroll of curse armour {unknown}
 A - a scroll of random uselessness {unknown}
Jewellery
 p - a +4 ring of dexterity (left hand)
Potions
 f - 2 potions of curing
 g - 2 potions of restore abilities
 j - a potion of slowing {unknown}
 z - a potion of might


   Skills:
 + Level 5.3 Fighting
 + Level 5.2 Polearms
 - Level 2.0 Armour
 - Level 1.0 Dodging
 + Level 3.6 Stealth


You had 6 spell levels left.
You didn't know any spells.

Dungeon Overview and Level Annotations

Branches:
Dungeon (4/27)
 Temple: D:4-7

Altars:

Annotations:
D:3 Sigmund


Message History

The blue devil hits you!
Drink which item? (? for menu, Esc to quit)
Okay, then.
Drink which item? (? for menu, Esc to quit)
That potion was really gluggy!
It was a potion of porridge.
Xom roars with laughter!
The blue devil hits you. The iron imp closely misses you.
Drink which item? (? for menu, Esc to quit)
That liquid tasted very nasty...
You are poisoned.
It was a potion of poison.
You feel sick.
The blue devil hits you but does no damage.
The iron imp barely misses you.
Drink which item? (? for menu, Esc to quit)
You feel protected.
It was a potion of resistance.
Xom roars with laughter!
The blue devil hits you!
* * * LOW HITPOINT WARNING * * *
The iron imp hits you!
You die...

#.......# #>......#
#.......# #.......#
+.......###
#......['.#
#.......#.#
#.......#§#####
##'######54@5§+
#...##########
###....# ####.## #..#
########+##
######'####(........#
#........##.........#
#........#..........+
#...................#


You could see a blue devil, an iron imp and a crimson imp.

Vanquished Creatures
  Grinder (D:4)
  A hippogriff zombie (D:3)
  A crimson imp (D:4)
  A worker ant (D:4)
  Terence (D:3)
  4 adders
  A lemure (D:4)
  An inept feature mimic (D:4)
  A shadow imp (D:4)
  A worm (D:3)
  2 ball pythons
  8 hobgoblins
  10 bats
  5 giant cockroaches
  5 giant geckos
  3 giant newts
  5 goblins
  15 kobolds
  15 rats
81 creatures vanquished.

Notes
Turn   | Place    | Note
--------------------------------------------------------------
     0 | D:1      | Misa, the Human Chaos Knight, began the quest for the Orb.
     0 | D:1      | Reached XP level 1. HP: 16/16 MP: 1/1
   295 | D:1      | XOM: potion effect (brilliance)
   306 | D:1      | Reached XP level 2. HP: 13/22 MP: 2/2
   376 | D:1      | XOM: divination: detect items
   824 | D:1      | Reached XP level 3. HP: 28/28 MP: 3/3
  1041 | D:2      | XOM: medium Chrm miscast
  1270 | D:2      | XOM: silly message
  1280 | D:2      | Reached XP level 4. HP: 30/34 MP: 4/4
  1284 | D:2      | Reached skill level 4 in Polearms
  1578 | D:2      | XOM: divination: magic mapping
  2064 | D:3      | Noticed Sigmund
  2181 | D:3      | Noticed Terence
  2194 | D:3      | Killed Terence
  2194 | D:3      | Reached skill level 1 in Stealth
  2194 | D:3      | Reached XP level 5. HP: 40/40 MP: 5/5
  2313 | D:3      | XOM: harmless Pois miscast
  2457 | D:3      | XOM: harmless Conj miscast
  2847 | D:4      | Noticed Grinder
  2849 | D:4      | XOM: potion effect (might)
  2859 | D:4      | XOM: potion effect (invisibility)
  2863 | D:4      | XOM: cast spell 'Ring of Flames'
  2864 | D:4      | Killed Grinder
  2864 | D:4      | Reached skill level 5 in Fighting
  2864 | D:4      | Reached skill level 5 in Polearms
  2864 | D:4      | Reached XP level 6. HP: 17/47 MP: 6/6
  2864 | D:4      | Reached XP level 7. HP: 19/53 MP: 7/7
  2926 | D:4      | XOM: 1-stop teleportation journey
  3019 | D:4      | XOM: summons 2 hostile demons
  3261 | D:4      | XOM: blink monster(s)
  3285 | D:4      | XOM: mild Pois miscast
  3432 | D:4      | XOM: summons 3 hostile demons
  3433 | D:4      | Noticed a blue devil
  3444 | D:4      | Slain by an iron imp

Action                   |  1- 3 |  4- 6 |  7- 9 || total
-------------------------+-------+-------+-------++-------
Melee: Spear             |    96 |    84 |       ||   180
       Mace              |       |    38 |    92 ||   130
  Use: Scroll            |       |     3 |     3 ||     6
       Potion            |       |     2 |     6 ||     8
 Stab: Paralysed         |     1 |       |       ||     1
       Sleeping          |       |     3 |     2 ||     5
       Petrifying        |       |     1 |       ||     1
